 Dungeon Crawl Stone Soup version 0.23-b1-6-ga921848 (webtiles) character file.

Game seed: 3004420457783249804

8981 HoaS the Grappler (level 11, -22/71 HPs)
             Began as a Gargoyle Berserker on Feb 2, 2019.
             Was a High Priest of Trog.
             Annihilated by a tentacled starspawn (27 damage)
             ... on level 1 of the Abyss.
             The game lasted 00:30:15 (9630 turns).

HoaS the Grappler (Gargoyle Berserker)              Turns: 9630, Time: 00:30:15

Health: -22/71     AC: 26    Str: 21    XL:     11   Next: 39%
Magic:  11/11      EV:  9    Int:  8    God:    Trog [*****.]
Gold:   675        SH:  0    Dex: 12    Spells: 10/10 levels left

rFire    + . .     SeeInvis .     - Unarmed
rCold    + . .     Gourm    .   (no shield)
rNeg     + . .     Faith    .   g - +3 plate armour
rPois    ∞         Spirit   .   (no helmet)
rElec    +         Reflect  .   o - scarf {rC+ rF+}
rCorr    +         Harm     .   (no gloves)
MR       .....                  w - +0 pair of boots
Stlth    ..........             k - amulet of regeneration
HPRegen  0.61/turn              c - ring of resist corrosion
MPRegen  0.12/turn              e - ring of flight

@: berserk cooldown, slowed, very slow
A: negative energy resistance 1, electricity resistance, unbreathing,
petrification resistance, rot immunity, AC +8
a: Berserk, Trog's Hand, Brothers in Arms, Renounce Religion, Evoke Flight


You were on level 1 of the Abyss.
You worshipped Trog.
Trog was extremely pleased with you.
You were not hungry.

You visited 1 branch of the dungeon, and saw 11 of its levels.
You visited the Abyss 1 time.
You also visited: Ossuary.

You collected 675 gold pieces.

Inventory:

Armour
 g - a +3 plate armour (worn)
 o - a scarf of resistance (worn)
 w - a +0 pair of boots (worn)
Jewellery
 c - a ring of resist corrosion (left hand)
 e - a ring of flight (right hand)
 k - an amulet of regeneration (around neck)
Wands
 p - a wand of paralysis (19)
Scrolls
 a - 2 scrolls of blinking
 f - 5 scrolls of teleportation
 h - 3 scrolls of magic mapping
 u - 4 scrolls of remove curse
Potions
 d - a potion of ambrosia
 i - 4 potions of flight
 j - 4 potions of might
 m - 2 potions of brilliance {unknown}
 n - 3 potions of haste
 r - a potion of agility {unknown}
 s - 2 potions of heal wounds
 t - 6 potions of curing
 z - a potion of mutation {unknown}
Comestibles
 b - 22 rations


   Skills:
 + Level 9.3 Fighting
 + Level 8.9 Armour
 + Level 6.7 Dodging
 * Level 11.3 Unarmed Combat


You had 10 spell levels left.
You didn't know any spells.
Your spell library was empty.

Dungeon Overview and Level Annotations

Branches:
Dungeon (11/15)            Temple (0/1) D:4            Lair (0/6) D:9
    Orc (0/2) D:10

Altars:
Dithmenos
Hepliaklqana
Nemelex Xobeh
Qazlal
Ru
Trog
Uskayaw
Xom
Zin

Shops:
D:4 *[   D:10 }


Innate Abilities, Weirdness & Mutations

You are resistant to torment.
Your stone body is resilient. (AC +8)
You are immune to poison.
You resist negative energy. (rN+)
You are resistant to electric shocks. (rElec)
You can survive without breathing.
You are immune to petrification.
You are immune to rotting.


Message History

You hit the tentacled starspawn.
The starspawn tentacle loses its grip on you.
The tentacled starspawn is moderately damaged.
The tentacled starspawn bites you!
The tentacled starspawn engulfs you but does no damage.
The starspawn tentacle grabs you. The starspawn tentacle constricts you.
You hit the tentacled starspawn but do no damage.
The starspawn tentacle loses its grip on you.
The tentacled starspawn is moderately damaged.
The tentacled starspawn bites you.
The tentacled starspawn engulfs you but does no damage.
The starspawn tentacle barely misses you.
The tentacled starspawn bites you!
* * * LOW HITPOINT WARNING * * *
The tentacled starspawn engulfs you but does no damage.
You punch the tentacled starspawn!
The tentacled starspawn is moderately damaged.
The starspawn tentacle completely misses you.
The tentacled starspawn bites you!!
You die...

# . # . ## .. #
# # ##.. #. . .
.#. .. . #.# ..
.# .. .#. . .
### . ... . #
... . ##@# #...
. # #wX#..# ##
. . ##..Xw# .
.# # # #....#.#
# .# #
......#.#.....#
. # .
...##..##.#...
# .. ..#...#
#...#.# # #..
#.. ..#..). . .
## ### ..#...


You could see a tentacled starspawn, a thrashing horror and 2 starspawn
tentacles.

Vanquished Creatures
  Harold (D:7)
  Urug (D:10)
  A hellion (Abyss:1)
  2 small abominations (Abyss:1)
  A hippogriff (D:9)
  A spriggan (D:9)
  A wyvern (D:8)
  Sigmund (D:3)
  5 yaks
  A hungry ghost (D:9)
  Menkaure (D:10)
  A sky beast (D:8)
  An orc warrior (D:10)
  4 ice beasts
  6 ogres
  2 black bears
  5 phantoms
  3 centaurs
  3 crocodiles
  A big kobold (D:7)
  4 bullfrogs
  An earth elemental (Abyss:1)
  4 scorpions
  15 killer bees
  A howler monkey (D:10)
  9 wights
  4 crimson imps
  A bullfrog zombie (D:5)
  A human zombie (Ossuary)
  5 jellies
  A hound (D:6)
  An orc priest (D:10)
  2 centaur skeletons
  5 orc wizards
  3 bullfrog skeletons
  6 iguanas
  10 worker ants
  3 big kobold zombies (Ossuary)
  2 hound zombies (Ossuary)
  5 mummies
  2 worker ant zombies
  10 adders
  A shadow imp (D:5)
  2 oozes
  7 worms
  A dart slug (D:1)
  5 leopard geckos
  17 orcs
  3 bats
  2 giant cockroaches
  A gnoll zombie (Ossuary)
  3 goblins
  9 hobgoblins
  6 jackals (D:2)
  3 quokkas
  A ball python (D:7)
  A ball python skeleton (D:4)
  3 frilled lizards
  A goblin zombie (Ossuary)
  3 hobgoblin zombies
  6 kobolds
  An orc zombie (Ossuary)
  7 rats
  2 rat zombies (Ossuary)
222 creatures vanquished.

Notes
Turn   | Place    | Note
-------+----------+-------------------------------------------
     0 | D:1      | HoaS the Gargoyle Berserker began the quest for the Orb.
     0 | D:1      | Reached XP level 1. HP: 14/14 MP: 1/1
   242 | D:1      | Reached XP level 2. HP: 6/19 MP: 2/2
  1029 | D:2      | Reached XP level 3. HP: 14/23 MP: 3/3
  1656 | D:2      | Reached XP level 4. HP: 28/29 MP: 4/4
  1779 | D:2      | Reached ** piety under Trog
  1814 | D:2      | Found a sparkling altar of Nemelex Xobeh.
  2210 | D:3      | Reached skill level 4 in Unarmed Combat
  2267 | D:3      | Noticed Sigmund
  2279 | D:3      | Killed Sigmund
  2279 | D:3      | Reached XP level 5. HP: 23/33 MP: 5/5
  2279 | D:3      | Reached XP level 6. HP: 27/38 MP: 6/6
  2354 | D:3      | Found a glowing silver altar of Zin.
  2410 | D:3      | Found a sacrificial altar of Ru.
  2496 | D:3      | Found a shimmering altar of Xom.
  2694 | D:4      | Found a sand-covered staircase.
  2696 | D:4      | Noticed a phantom
  2751 | Ossuary  | Entered an ossuary
  2801 | Ossuary  | Reached skill level 5 in Unarmed Combat
  3065 | Ossuary  | Reached XP level 7. HP: 10/44 MP: 7/7
  3214 | D:4      | Reached skill level 5 in Fighting
  3305 | D:4      | Found Iresutoe's Armour Shop.
  3417 | D:4      | Found a staircase to the Ecumenical Temple.
  3422 | D:4      | You fall through a shaft!
  3422 | D:5      | Entered Level 5 of the Dungeon
  3479 | D:5      | Reached skill level 6 in Unarmed Combat
  3524 | D:5      | Reached XP level 8. HP: 37/50 MP: 8/8
  3646 | D:5      | Reached skill level 5 in Armour
  3874 | D:4      | Found Pol Geqo's Serpentskin Sales.
  4228 | D:5      | Reached skill level 7 in Unarmed Combat
  4240 | D:5      | Found a shadowy altar of Dithmenos.
  4350 | D:5      | Reached *** piety under Trog
  4640 | D:6      | Found a hazy altar of Hepliaklqana.
  4656 | D:6      | Reached XP level 9. HP: 52/56 MP: 9/9
  4819 | D:6      | Reached skill level 8 in Unarmed Combat
  4983 | D:6      | Noticed a moth of wrath
  4986 | D:6      | Found a bloodstained altar of Trog.
  5420 | D:7      | Noticed Harold
  5451 | D:7      | Killed Harold
  5451 | D:7      | Reached skill level 5 in Dodging
  5500 | D:7      | Found a stormy altar of Qazlal.
  5553 | D:7      | Noticed Menkaure
  5593 | D:7      | Reached skill level 9 in Unarmed Combat
  5594 | D:7      | Found a hazy altar of Hepliaklqana.
  5787 | D:7      | Reached XP level 10. HP: 63/63 MP: 10/10
  6412 | D:7      | Reached **** piety under Trog
  6580 | D:7      | Found a stormy altar of Qazlal.
  6622 | D:7      | Found a hazy altar of Hepliaklqana.
  7585 | D:8      | Got an ancient scale mail
  7586 | D:8      | Identified the +1 scale mail of Ufutsa {rCorr Slay+2} (You
                  | found it on level 8 of the Dungeon)
  7613 | D:8      | Found a hide-covered altar of Uskayaw.
  7777 | D:8      | Found a sparkling altar of Nemelex Xobeh.
  8101 | D:9      | Reached skill level 10 in Unarmed Combat
  8284 | D:9      | Found a staircase to the Lair.
  8607 | D:10     | Entered Level 10 of the Dungeon
  8628 | D:10     | Killed Menkaure
  8746 | D:10     | Noticed Urug
  8756 | D:10     | Killed Urug
  8756 | D:10     | Reached XP level 11. HP: 69/69 MP: 11/11
  8763 | D:10     | Found Opsyapah's Gadget Emporium.
  8850 | D:10     | Got a pair of brightly glowing gloves
  8856 | D:10     | Identified the cursed -4 pair of gloves "Itewn" {Dex+4}
                  | (You found it on level 10 of the Dungeon)
  8885 | D:10     | Found a staircase to the Orcish Mines.
  9034 | D:10     | Reached skill level 11 in Unarmed Combat
  9388 | D:11     | Noticed a cyclops
  9394 | D:10     | Reached ***** piety under Trog
  9477 | D:11     | Noticed a green ugly thing
  9477 | D:11     | Cast into level 1 of the Abyss (orc)
  9477 | Abyss:1  | Found a corrupted altar of Lugonu.
  9584 | Abyss:1  | HP: 4/106 [earth elemental (7)]
  9601 | Abyss:1  | Noticed a tentacled starspawn
  9602 | Abyss:1  | Noticed a thrashing horror
  9630 | Abyss:1  | Annihilated by a tentacled starspawn

Skill      XL: |  1  2  3  4  5  6  7  8  9 10 11 |
---------------+----------------------------------+-----
Dodging        | 2 3 4 5 6 |  6.7
Unarmed Combat | 4 5 6 7 9 10 11 | 11.3
Fighting       | 4 5 6 7 8 9 |  9.3
Armour         | 3 4 5 7 8 |  8.9

Action                   |  1- 3 |  4- 6 |  7- 9 | 10-12 || total
-------------------------+-------+-------+-------+-------++-------
Melee: Unarmed           |    74 |   262 |   412 |   476 ||  1224
       Punch             |     2 |     4 |    12 |    20 ||    38
Invok: Trog's Hand       |       |     4 |     2 |     3 ||     9
       Berserk           |       |       |     1 |     4 ||     5
Evoke: Wand              |       |       |       |     1 ||     1
  Use: Scroll            |     6 |     4 |    13 |     8 ||    31
       Potion            |       |       |       |     1 ||     1
 Stab: Paralysed         |       |       |       |     3 ||     3
  Eat: Chunk             |     2 |     4 |    10 |    15 ||    31
       Ration            |       |     1 |       |     1 ||     2
Armor: Animal skin       |    14 |       |       |       ||    14
       Leather armour    |    16 |     9 |       |       ||    25
       Chain mail        |       |   275 |    64 |       ||   339
       Plate armour      |       |       |   157 |   296 ||   453
       Scale mail        |       |       |       |    97 ||    97
Dodge: Dodged            |    45 |   197 |   174 |   269 ||   685
